AoeStats
← Platypus

Arena

510314357Analyzed
4v4 RM · 2d ago on Sep 30, 2026· 44m 2s· 8 players
Game mode
Random Map
Map size
Large (8 player)
Population
200
Speed
Normal
Resources
Standard
Victory
Conquest
Starting age
Dark Age
Ending age
Imperial Age
RankedLock teamsTeams togetherTeam positionsShared explorationLock speedFull tech treeHidden civsTurbo modeCheats
Victory
Defeat
🇻🇳 Vietnamese · Vietnam
1601
+10
🇨🇳 Danes · China
1572
+12
🇨🇳 Berbers · China
1410
+18
1403
+18
🇹🇼 Franks · Taiwan
1536
-18
🇨🇿 Poles · Czechia
1485
-15
🇦🇺 Varangians · Australia
1461
-14
🇨🇿 Armenians · Czechia
1385
-11
Jhih
11:12 Feudal Age
12:59 Double-Bit Axe
15:39 Castle Age
15:40 Wheelbarrow
16:40 Bow Saw
19:37 Loom
24:23 Gold Mining
24:24 Stone Mining
25:22 Hand Cart
28:57 Imperial Age
28:02 Gold Shaft Mining
26:52 Pikeman
27:33 Squires
27:18 Gambesons
27:18 Arson
27:46 Forging
27:37 Scale Mail Armor
27:32 Ordonnance Companies
27:56 Treadmill Crane
29:35 Iron Casting
29:35 Chain Mail Armor
29:41 Ballistics
29:03 Halberdier
30:35 Conscription
31:36 Chemistry
32:13 Blast Furnace
31:36 Elite Throwing Axeman
35:08 Plate Mail Armor
38:29 Fletching
39:20 Masonry
39:39 Siege Engineers
Rakosnik
8:58 Feudal Age
8:11 Loom
11:25 Double-Bit Axe
11:21 Horse Collar
16:13 Fletching
21:22 Castle Age
21:22 Gold Mining
22:14 Heavy Plow
22:28 Bow Saw
28:24 Imperial Age
26:18 Scale Mail Armor
27:40 Chain Mail Armor
28:04 Forging
31:12 Stone Mining
32:29 Squires
32:15 Arson
32:11 Elite Obuch
37:06 Plate Mail Armor
37:11 Iron Casting
38:11 Bodkin Arrow
39:16 Bloodlines
39:06 Husbandry
38:27 Light Cavalry
39:36 Winged Hussar
41:49 Lechitic Legacy
42:18 Scale Barding Armor
43:46 Chain Barding Armor
Escapist
1:52 Loom
2:03 Loom
10:44 Feudal Age
11:32 Double-Bit Axe
11:27 Horse Collar
12:00 Man-at-Arms
12:25 Arson
15:53 Wheelbarrow
14:57 Long Swordsman
20:01 Castle Age
20:16 Gold Mining
20:16 Stone Mining
20:51 Squires
24:56 Town Watch
27:14 Hand Cart
27:16 Bow Saw
27:06 Stone Mining
27:22 Fletching
27:32 Padded Archer Armor
31:46 Imperial Age
30:17 Heavy Plow
32:59 Leather Archer Armor
32:48 Bodkin Arrow
34:10 Elite Composite Bowman
35:27 Hoardings
35:15 Conscription
35:11 Masonry
35:22 Ballistics
36:14 Chemistry
35:34 Bracer
36:50 Murder Holes
37:17 Leather Archer Armor
39:49 Ring Archer Armor
39:14 Treadmill Crane
39:48 Fortified Wall
39:50 Fereters
41:00 Capped Ram
41:55 Siege Ram
42:55 Pikeman
43:21 Gambesons
43:41 Two-Handed Swordsman
43:42 Halberdier
44:27 Scale Mail Armor
44:37 Forging
Lightning
10:04 Feudal Age
13:45 Castle Age
12:44 Double-Bit Axe
13:11 Horse Collar
22:20 Wheelbarrow
21:31 Loom
25:04 Bow Saw
29:32 Imperial Age
27:08 Heavy Plow
27:24 Scale Mail Armor
27:34 Forging
28:22 Hand Cart
28:20 Squires
28:05 Arson
29:15 Chain Mail Armor
29:36 Iron Casting
29:54 Gothikon
30:08 Capped Ram
31:40 Plate Mail Armor
31:16 Elite Varangian Guard
32:14 Fletching
36:19 Conscription
36:29 Gold Mining
36:30 Stone Mining
38:33 Blast Furnace
37:55 Padded Archer Armor
38:04 Caravan
38:00 Cranequins
39:00 Bodkin Arrow
38:54 Heavy Mounted Crossbowman
42:02 Ballistics
42:42 Chemistry
42:11 Bloodlines
42:01 Husbandry
43:06 Leather Archer Armor
Platypus
2:25 Loom
10:24 Feudal Age
11:57 Double-Bit Axe
14:25 Castle Age
12:23 Horse Collar
15:24 Bow Saw
18:00 Loom
22:58 Wheelbarrow
22:48 Heavy Plow
24:00 Hand Cart
23:39 Gold Mining
25:30 Gold Shaft Mining
28:50 Imperial Age
26:34 Squires
26:59 Scale Mail Armor
28:29 Chain Mail Armor
28:23 Hamask
30:05 Plate Mail Armor
29:06 Man-at-Arms
29:34 Gambesons
30:31 Conscription
30:32 Forging
29:58 Long Swordsman
30:26 Arson
31:47 Iron Casting
30:43 Two-Handed Swordsman
31:37 Champion
32:54 Capped Ram
34:34 Siege Ram
39:08 Blast Furnace
39:29 Northmen's Fury
42:53 Gold Shaft Mining
42:09 Town Watch
42:56 Siege Engineers
44:42 Town Patrol
网恋被骗50块
11:08 Feudal Age
9:29 Loom
11:16 Feudal Age
12:55 Double-Bit Axe
15:14 Castle Age
15:16 Horse Collar
17:14 Bow Saw
21:54 Wheelbarrow
24:51 Hand Cart
24:26 Town Watch
30:33 Imperial Age
28:21 Treadmill Crane
28:36 Murder Holes
28:42 Stone Mining
29:31 Heavy Plow
29:59 Scale Barding Armor
30:04 Forging
30:08 Bloodlines
29:59 Husbandry
31:11 Chain Barding Armor
31:26 Iron Casting
30:56 Gold Mining
31:43 Stone Shaft Mining
30:39 Cavalier
30:40 Heavy Camel Rider
30:42 Light Cavalry
32:48 Plate Barding Armor
33:13 Blast Furnace
34:00 Blast Furnace
32:52 Fletching
33:02 Padded Archer Armor
33:24 Conscription
33:40 Kasbah
34:21 Gold Shaft Mining
34:25 Thumb Ring
34:43 Ballistics
34:20 Murder Holes
34:24 Bodkin Arrow
35:22 Leather Archer Armor
34:58 Elite Camel Archer
35:55 Hussar
37:17 Maghrebi Camels
37:27 Bracer
38:40 Chemistry
38:46 Ring Archer Armor
40:10 Crop Rotation
39:20 Elite Skirmisher
41:44 Elite Genitour
This is Kawaii
9:46 Feudal Age
11:34 Wheelbarrow
13:47 Castle Age
12:11 Double-Bit Axe
12:25 Horse Collar
14:46 Bow Saw
20:32 Heavy Plow
27:26 Imperial Age
24:50 Gold Mining
25:07 Loom
25:48 Ballistics
25:32 Padded Archer Armor
25:27 Stone Mining
26:29 Pikeman
27:57 Stone Shaft Mining
27:26 Fletching
27:51 Leather Archer Armor
28:14 Bodkin Arrow
29:22 Chemistry
28:48 Paper Money
29:37 Thumb Ring
29:57 Bracer
31:13 Ring Archer Armor
31:05 Hand Cart
30:37 Town Watch
31:25 Crop Rotation
31:58 Two-Man Saw
31:12 Squires
31:37 Elite Rattan Archer
32:49 Scale Barding Armor
32:54 Forging
36:08 Siege Engineers
35:44 Treadmill Crane
40:58 Bloodlines
40:48 Husbandry
40:09 Elite Battle Elephant
40:45 Light Cavalry
41:51 Chatras
42:50 Chain Barding Armor
43:06 Iron Casting
打架少个人,舔包多双手
10:39 Feudal Age
15:25 Castle Age
14:17 Loom
15:01 Double-Bit Axe
14:58 Horse Collar
25:24 Bow Saw
26:57 Fervor
27:24 Wheelbarrow
32:13 Imperial Age
30:07 Scale Mail Armor
30:18 Heavy Plow
31:53 Chemistry
31:05 Fletching
33:14 Ballistics
33:12 Bodkin Arrow
33:35 Padded Archer Armor
34:13 Hand Cart
34:54 Leather Archer Armor
35:53 Two-Man Saw
38:10 Bracer
38:41 Ring Archer Armor
38:48 Chain Mail Armor
39:39 Conscription
43:46 Forging
43:42 Squires
43:03 Pikeman
43:34 Arson
Connection lost

Rejoining the realm…

Still unreachable

The connection could not be restored.

Session expired

The server has moved on; the page needs a fresh start.